 Dungeon Crawl Stone Soup version 0.21.1-1-g345015fe64 (webtiles) character file.

2107 Kohma the Blocker (level 9, -7/55 HPs)
             Began as a Gargoyle Fighter on June 17, 2018.
             Was a Follower of Makhleb.
             Mangled by an orc warrior
             ... wielding a +0 battleaxe
              (17 damage)
             ... on level 7 of the Dungeon.
             The game lasted 00:24:35 (8372 turns).

Kohma the Blocker (Gargoyle Fighter)                Turns: 8372, Time: 00:24:36

Health: -7/55      AC: 19    Str: 23    XL:     9   Next: 28%
Magic:  0/9        EV:  5    Int:  8    God:    Makhleb [*.....]
Gold:   327        SH: 12    Dex: 10    Spells: 8/8 levels left

rFire    . . .     SeeInvis .   a - +1 flail
rCold    . . .     Gourm    .   c - +1 shield
rNeg     + . .     Faith    .   A - +0 plate armour
rPois    ∞         Spirit   +   (no helmet)
rElec    +         Reflect  .   (no cloak)
rCorr    .         Harm     .   (no gloves)
MR       .....                  (no boots)
Stlth    ..........             n - amulet of guardian spirit
HPRegen  0.18/turn              g - ring of flight
MPRegen  0.11/turn              (no ring)

@: no status effects
A: negative energy resistance 1, electricity resistance, unbreathing,
petrification resistance, rot immunity, AC +6
a: Renounce Religion, Evoke Flight


You were on level 7 of the Dungeon.
You worshipped Makhleb.
Makhleb was aware of your devotion.
You were very full.

You visited 2 branches of the dungeon, and saw 8 of its levels.
You also visited: Sewer.

You collected 327 gold pieces.

Inventory:

Hand Weapons
 a - a +1 flail (weapon)
 j - a cursed -3 war axe
 u - the +7 hunting sling of Sulphur {speed, Int+2, unknown}
   (You found it on level 5 of the Dungeon)

   Attacks with this weapon are significantly faster.
   It affects your intelligence (+2).
Missiles
 z - 6 javelins (quivered)
Armour
 b - a +0 scale mail
 c - a +1 shield (worn)
 A - a +0 plate armour (worn)
Jewellery
 g - a ring of flight (left hand)
 n - an amulet of guardian spirit (around neck)
 s - an uncursed amulet of the gourmand
Wands
 m - a wand of flame (41)
 r - a wand of iceblast (12)
 w - a wand of clouds (4)
 F - a wand of digging (18)
Scrolls
 i - a scroll of teleportation
 o - a scroll of immolation
 v - a scroll of identify
 y - a scroll of magic mapping
Potions
 d - 2 potions of might
 e - 3 potions of flight
 h - 7 potions of curing
 k - 2 potions of degeneration {unknown}
 l - 2 potions of brilliance {unknown}
 p - a potion of haste {unknown}
 q - 2 potions of lignification {unknown}
 t - a potion of magic {unknown}
 x - a potion of ambrosia {unknown}
Comestibles
 f - 10 rations
 C - 10 chunks of flesh


   Skills:
 + Level 6.2 Fighting
 * Level 7.1 Maces & Flails
 + Level 6.3 Armour
 * Level 8.3 Shields


You had 8 spell levels left.
You didn't know any spells.

Dungeon Overview and Level Annotations

Branches:
Dungeon (7/15)             Temple (1/1) D:4

Altars:
Ashenzari
Cheibriados
Dithmenos
Elyvilon
Fedhas
Gozag
Hepliaklqana
Kikubaaqudgha
Makhleb
Nemelex Xobeh
Okawaru
Qazlal
Ru
Sif Muna
Uskayaw
Wu Jian
Xom
Yredelemnul
Zin
The Shining One


Innate Abilities, Weirdness & Mutations

You are resistant to torment.
Your stone body is resilient. (AC +6)
You are immune to poison.
You resist negative energy. (rN+)
You are resistant to electric shocks. (rElec)
You can survive without breathing.
You are immune to petrification.
You are immune to rotting.


Message History

Aiming: Throw Flame
Press: ? - help, Shift-Dir - straight line, f - orc warrior
Aim: an orc warrior, wielding a battleaxe and wearing a chain mail (heavily wounded)
The puff of flame hits the orc warrior.
The orc warrior is heavily wounded.
The orc warrior hits you with a battleaxe!
* * * LOW HITPOINT WARNING * * *
You closely miss the orc warrior.
The orc warrior is heavily wounded.
Okay, then.
You closely miss the orc warrior.
The orc warrior is heavily wounded.
You block the orc warrior's attack.
You hit the orc warrior but do no damage.
The orc warrior is heavily wounded.
You block the orc warrior's attack.
You hit the orc warrior.
The orc warrior is severely wounded.
The orc warrior hits you with a battleaxe!!
You die...

#.##..###.# ##.## #.##.##
#.# #.# #.##.####.# #.#
#.........# ##+##
####.###### ##...# # #.####
##..... #.. #....## ##......
.....#########...####.......
.......)ooo@........'.......
...#.#########)..####.......
#..## ##...... #.## ##.....
#.# ##...# #.# ##+## #.# ###
#.# #.# ##.###.##
#.#####.#......


You could see an orc warrior and 2 orcs.

Vanquished Creatures
  A hippogriff (D:7)
  The ghost of kaisn the Skirmisher, an amateur CeHu (D:3)
  An orc warrior (D:5)
  An ice beast (D:6)
  A sky beast (D:5)
  2 ogres
  A centaur (D:7)
  A big kobold (Sewer)
  A bullfrog (D:6)
  3 scorpions
  A crimson imp (D:6)
  2 hounds
  A centaur zombie (D:7)
  5 orc priests
  5 orc wizards
  A centaur skeleton (D:6)
  2 iguanas
  Ijyb (D:5)
  4 worker ants
  A killer bee zombie (D:6)
  2 gnolls
  2 howler monkey skeletons
  4 river rats
  11 adders
  A shadow imp (D:5)
  An ooze (D:2)
  2 adder skeletons (D:4)
  5 worms
  4 dart slugs
  4 leopard geckos
  21 orcs
  2 ball pythons (D:2)
  4 bats
  6 giant cockroaches
  7 goblins
  9 hobgoblins
  14 jackals
  2 quokkas
  3 frilled lizards
  11 kobolds
  A leopard gecko skeleton (D:5)
  A leopard gecko zombie (D:6)
  A quokka skeleton (D:4)
  11 rats
165 creatures vanquished.

Notes
Turn   | Place    | Note
-------+----------+-------------------------------------------
     0 | D:1      | Kohma the Gargoyle Fighter began the quest for the Orb.
     0 | D:1      | Reached XP level 1. HP: 14/14 MP: 1/1
    42 | D:1      | Reached XP level 2. HP: 16/19 MP: 2/2
   249 | D:1      | Reached XP level 3. HP: 22/23 MP: 3/3
   587 | D:2      | Reached skill level 4 in Shields
   635 | D:2      | Reached XP level 4. HP: 13/29 MP: 4/4
   858 | D:2      | Found a deep blue altar of Sif Muna.
  1693 | D:3      | Found an ornate altar of the Wu Jian Council.
  1697 | D:3      | Found a shattered altar of Ashenzari.
  1710 | D:3      | Found a sparkling altar of Nemelex Xobeh.
  1910 | D:3      | Reached XP level 5. HP: 24/33 MP: 5/5
  1953 | D:3      | Found a blossoming altar of Fedhas.
  2103 | D:3      | Noticed kaisn's ghost (amateur CeHu)
  2389 | D:3      | Killed kaisn's ghost
  2389 | D:3      | Reached skill level 5 in Shields
  2389 | D:3      | Reached XP level 6. HP: 6/38 MP: 6/6
  3252 | D:4      | Found a staircase to the Ecumenical Temple.
  3414 | D:4      | Found a glowing drain.
  3421 | Sewer    | Entered a sewer
  3764 | Sewer    | Reached XP level 7. HP: 44/44 MP: 7/7
  3821 | Sewer    | Found a white marble altar of Elyvilon.
  4456 | D:3      | Reached skill level 6 in Shields
  4700 | D:3      | HP: 2/44 [something/magic dart (7)]
  4704 | D:3      | Reached skill level 5 in Maces & Flails
  5149 | Temple   | Entered the Ecumenical Temple
  5189 | Temple   | Became a worshipper of Makhleb the Destroyer
  5483 | D:4      | Found an iron altar of Okawaru.
  5492 | D:4      | Reached skill level 5 in Armour
  5630 | D:4      | Reached skill level 5 in Fighting
  5639 | D:4      | Reached XP level 8. HP: 27/49 MP: 8/8
  5916 | D:5      | Entered Level 5 of the Dungeon
  6078 | D:5      | Found a hide-covered altar of Uskayaw.
  6446 | D:5      | Got a warped hunting sling
  6500 | D:5      | Noticed Ijyb
  6518 | D:5      | Killed Ijyb
  6653 | D:5      | Reached skill level 7 in Shields
  7380 | D:6      | Reached * piety under Makhleb
  7752 | D:6      | Reached XP level 9. HP: 55/55 MP: 9/9
  7973 | D:6      | Found a basalt altar of Yredelemnul.
  8149 | D:7      | Reached skill level 8 in Shields
  8372 | D:7      | Mangled by an orc warrior

Skill      XL: |  1  2  3  4  5  6  7  8  9 |
---------------+----------------------------+-----
Shields        | 4 5 6 7 8 |  8.3
Maces & Flails | 3 4 5 6 7 |  7.1
Fighting       | 4 5 6 |  6.2
Armour         | 4 5 6 |  6.3

Action                   |  1- 3 |  4- 6 |  7- 9 || total
-------------------------+-------+-------+-------++-------
Melee: Flail             |   110 |   412 |   483 ||  1005
Evoke: Wand              |       |       |     2 ||     2
  Use: Scroll            |       |     5 |    11 ||    16
       Potion            |       |     3 |       ||     3
  Eat: Chunk             |       |    11 |    21 ||    32
       Ration            |       |     2 |       ||     2
Armor: Scale mail        |    58 |   306 |   168 ||   532
       Plate armour      |       |       |   111 ||   111
Dodge: Dodged            |    38 |   191 |   126 ||   355
Block: Shield            |    78 |   321 |   295 ||   694
